 Dungeon Sprint DCSS version 0.17-a0-1450-g7e755d1 (webtiles) character file.

361 pulse the Blocker (level 6, -1/44 HPs)
             Began as a Gargoyle Fighter on June 30, 2015.
             Was a Believer of Qazlal.
             Slain by a tengu warrior
             ... wielding a +0 great sword
              (3 damage)
             ... in the Dungeon (Sprint IX: "|||||||||||||||||||||||||||||").
             The game lasted 00:02:01 (778 turns).

pulse the Blocker (Gargoyle Fighter)                 Turns: 778, Time: 00:02:01

Health: -1/44      AC: 18    Str: 21    XL:     6   Next: 66%
Magic:  15/15      EV:  7    Int: 14    God:    Qazlal [**....]
Gold:   0          SH: 14    Dex: 12    Spells: 0 memorised, 5 levels left

rFire  + . .     SeeInvis .     t - +2 morningstar of the Dead {drain, rF+ rC++ MP+9 Int+2}
rCold  + + .     Clarity  .     q - +1 chain mail
rNeg   + . .     SustAt   .     c - +0 shield
rPois  ∞         Gourm    .     p - +0 helmet
rElec  +         Spirit   .     (no cloak)
rCorr  .         Warding  .     o - +0 pair of gloves
rMut   .         NoTele   +     (no boots)
MR     .....                    (no amulet)
Stlth  ..........               s - +3 ring of dexterity
                                r - +3 ring of intelligence

@: exhausted, slowed, very slow, not resistant to hostile enchantments,
extremely unstealthy
A: negative energy resistance 1, electricity resistance, unbreathing,
petrification resistance, rot immunity, AC +4
a: Upheaval, Renounce Religion


You were in the Dungeon.
You worshipped Qazlal.
Qazlal was pleased with you.
You were hungry.

You visited 1 branch

Inventory:

Hand weapons
 t - the +2 morningstar of the Dead (weapon) {drain, rF+ rC++ MP+9 Int+2}
   (You found it in the Dungeon)

   A truly terrible weapon, it drains the life of those it strikes.
   It affects your intelligence (+2).
   It protects you from fire.
   It greatly protects you from cold.
   It affects your magic capacity (+9).
Armour
 c - a +0 shield (worn)
 o - a +0 pair of gloves (worn)
 p - a +0 helmet (worn)
 q - a +1 chain mail (worn)
Jewellery
 r - a +3 ring of intelligence (left hand)
 s - a +3 ring of dexterity (right hand)
Magical devices
 n - a wand of cold (7)
Scrolls
 k - 2 scrolls of blinking
 l - 3 scrolls of remove curse
 m - 2 scrolls of amnesia
Potions
 d - a potion of invisibility
 f - 5 potions of curing
 g - a potion of heal wounds
 h - a potion of haste
 i - 4 potions of magic
Comestibles
 e - a bread ration


   Skills:
 + Level 7.4 Fighting
 * Level 7.4 Maces & Flails
 + Level 7.3 Armour
 + Level 2.4 Dodging
 + Level 8.6 Shields


You had 5 spell levels left.
You didn't know any spells.

Dungeon Overview and Level Annotations

Branches:
Dungeon (1/1)

Altars:
Cheibriados
Dithmenos
Elyvilon
Fedhas
Gozag
Kikubaaqudgha
Makhleb
Nemelex Xobeh
Okawaru
Qazlal
Ru
Sif Muna
Trog
Vehumet
Xom
Yredelemnul
Zin
The Shining One
Beogh
Jiyva
Lugonu


Innate Abilities, Weirdness & Mutations

You are resistant to torment.
Your stone body is resilient (AC +4).
You are immune to poison.
You resist negative energy.
You are resistant to electric shocks.
You can survive without breathing.
You are immune to petrification.
You are immune to rotting.


Message History

You barely miss the tengu warrior.
The tengu warrior is moderately wounded.
The tengu warrior hits you but does no damage.
The tengu warrior pecks you.
The tengu warrior claws you but does no damage.
You thump the tengu warrior!
The tengu warrior is heavily wounded.
The shadow imp laughs crazily.
You block the tengu warrior's attack. x3
You barely miss the tengu warrior.
The tengu warrior is heavily wounded.
The tengu warrior hits you with a great sword.
* * * LOW HITPOINT WARNING * * *
You block the tengu warrior's attack. x2
The tengu warrior hits you with a great sword!
* * * LOW HITPOINT WARNING * * *
The tengu warrior pecks you.
* * * LOW HITPOINT WARNING * * *
The tengu warrior claws you.
You die...

▓.▓
▓.▓
▓)▓
▓.▓
▓.▓
▓.▓
▓.▓
▓.▓
▓@▓
▓Q▓
▓c▓
▓Z▓
▓5▓
▓o▓
▓.▓
▓.▓


You could see a tengu warrior, a centaur, a shadow imp, an orc and a bat zombie.

Vanquished Creatures
  A gargoyle (D)
  An orc wizard (D)
  An iguana (D)
  3 adders (D)
  An adder skeleton (D)
  A giant gecko (D)
  3 hobgoblins (D)
  A jackal (D)
  2 kobolds (D)
  A bat (D)
  2 rats (D)
17 creatures vanquished.

Notes
Turn   | Place    | Note
--------------------------------------------------------------
     0 | D        | pulse the Gargoyle Fighter began the quest for the Orb.
     0 | D        | Reached XP level 1. HP: 14/14 MP: 1/1
   202 | D        | Noticed an orc wizard
   204 | D        | Reached skill level 4 in Armour
   207 | D        | Reached XP level 2. HP: 18/20 MP: 2/2
   226 | D        | Killed an orc wizard
   226 | D        | Reached skill level 5 in Shields
   226 | D        | Reached XP level 3. HP: 16/25 MP: 3/3
   336 | D        | Found a glowing silver altar of Zin.
   336 | D        | Found a glowing golden altar of the Shining One.
   336 | D        | Found an ancient bone altar of Kikubaaqudgha.
   336 | D        | Found a basalt altar of Yredelemnul.
   336 | D        | Found a shimmering altar of Xom.
   336 | D        | Found a radiant altar of Vehumet.
   337 | D        | Found an iron altar of Okawaru.
   338 | D        | Found a burning altar of Makhleb.
   339 | D        | Found a deep blue altar of Sif Muna.
   340 | D        | Found a bloodstained altar of Trog.
   341 | D        | Found a sparkling altar of Nemelex Xobeh.
   342 | D        | Found a white marble altar of Elyvilon.
   343 | D        | Found a roughly hewn altar of Beogh.
   344 | D        | Found a viscous altar of Jiyva.
   345 | D        | Found a corrupted altar of Lugonu.
   346 | D        | Found a blossoming altar of Fedhas.
   347 | D        | Found a snail-covered altar of Cheibriados.
   348 | D        | Found a shadowy altar of Dithmenos.
   349 | D        | Found a stormy altar of Qazlal.
   350 | D        | Found an opulent altar of Gozag.
   351 | D        | Found a sacrificial altar of Ru.
   357 | D        | Became a worshipper of Qazlal Stormbringer
   396 | D        | Got the +2 morningstar of the Dead {drain, rF+ rC++ MP+9 Int+2}
   567 | D        | Noticed an iguana
   593 | D        | Reached skill level 5 in Fighting
   598 | D        | Acquired Qazlal's first power
   598 | D        | Reached skill level 5 in Armour
   598 | D        | Reached XP level 4. HP: 20/31 MP: 4/4
   601 | D        | Killed an iguana
   601 | D        | Reached skill level 6 in Shields
   613 | D        | Acquired Qazlal's second power
   748 | D        | Noticed a gargoyle
   748 | D        | Noticed a centaur
   748 | D        | Noticed a tengu warrior
   761 | D        | Killed a gargoyle
   761 | D        | Reached skill level 7 in Fighting
   761 | D        | Reached skill level 8 in Shields
   761 | D        | Reached XP level 5. HP: 29/38 MP: 5/5
   761 | D        | Reached XP level 6. HP: 33/44 MP: 6/6
   778 | D        | HP: 2/44 [tengu warrior/great sword (1)]
   778 | D        | Slain by a tengu warrior

Vault maps used:
D:        linesprint

Action                   |  1- 3 |  4- 6 || total
-------------------------+-------+-------++-------
Melee: Flail             |    43 |       ||    43
       Morningstar       |    31 |    42 ||    73
  Use: Potion            |     1 |     3 ||     4
